 Dungeon Sprint DCSS version 0.30-a0-808-g6e0788376e (webtiles) character file.

Game seed: 12465190279370983560

734 rocky1 the Zephyrmancer (level 7, 0/44 HPs)
             Began as a Tengu Air Elementalist on Feb 26, 2023.
             Was an Elder of Sif Muna.
             Slain by a centaur (2 damage)
             ... in the Dungeon (Sprint VII: "The Pits").
             The game lasted 00:02:08 (581 turns).

rocky1 the Zephyrmancer (Tengu Air Elementalist)     Turns: 581, Time: 00:02:09

Health: 0/44       AC:  2    Str:  8    XL:     7   Next: 74%
Magic:  8/16       EV: 15    Int: 17    God:    Sif Muna [****..]
Gold:   0          SH:  0    Dex: 15    Spells: 16/17 levels left

rFire   . . .      SeeInvis .    g - +2 long sword (holy)
rCold   . . .      Faith    .    (no shield)
rNeg    . . .      Spirit   .    a - +0 robe
rPois   .          Reflect  .    (helmet restricted)
rElec   .          Harm     .    (no cloak)
rCorr   .          Rampage  .    (no gloves)
Will    .....      NoTele   +    (boots unavailable)
Stlth   ++                       (no amulet)
HPRegen 0.27/turn                (no ring)
MPRegen 0.15/turn                (no ring)

@: on berserk cooldown, flying quickly and evasively, slowed, very slow
A: beak, talons 3, nimble flight
a: Renounce Religion, Channel Magic, Forget Spell, Divine Exegesis


You were in the Dungeon.
You worshipped Sif Muna.
Sif Muna was greatly pleased with you.
You visited 1 branch

Inventory:

Hand Weapons
 g - a +2 long sword of holy wrath (weapon)
 k - a +2 falchion
Armour
 a - a +0 robe (worn)
 l - a +3 ring mail
Scrolls
 i - 5 scrolls of amnesia
 j - a scroll of butterflies
Potions
 b - 5 potions of magic
 c - 6 potions of curing
 d - 5 potions of heal wounds
 e - a potion of haste
 f - a potion of berserk rage
 h - 2 potions of invisibility


   Skills:
 + Level 5.6 Fighting
 - Level 2.5 Long Blades
 - Level 2.5 Armour
 - Level 3.5 Dodging
 - Level 2.0 Stealth
 + Level 5.9 Spellcasting
 * Level 11.1 Conjurations
 * Level 11.8 Air Magic
 + Level 5.1 Invocations


You had 16 spell levels left.
You knew the following spells:

 Your Spells              Type           Power      Damage    Failure   Level
a - Shock                 Conj/Air       100%       1d9       1%          1

Your spell library contained the following spells:

 Spells                   Type           Power      Damage    Failure   Level
 Static Discharge         Conj/Air       88%        2-6/arc   1%          2
 Swiftness                Air            45%        N/A       1%          3
 Airstrike                Air            22%        2d(4-20)  1%          4


Dungeon Overview and Level Annotations

Branches:
Dungeon (1/1)

Altars:
Ashenzari
Cheibriados
Dithmenos
Elyvilon
Fedhas
Gozag
Hepliaklqana
Kikubaaqudgha
Makhleb
Nemelex Xobeh
Okawaru
Qazlal
Ru
Sif Muna
Trog
Uskayaw
Vehumet
Wu Jian
Xom
Yredelemnul
Zin
The Shining One
Jiyva
Lugonu


Innate Abilities, Weirdness & Mutations

You have a beak for a mouth.
You have claws for feet.
Your magical nature lets you fly swiftly and evasively.


Message History

You kill the kobold brigand!
Sif Muna accepts your kill.
You can now call upon Sif Muna to cast any spell from your library.
You barely miss the black bear.
You claw the black bear, but do no damage.
You peck the black bear!
The black bear is heavily wounded.
The black bear bites you. The black bear claws you.
The black bear closely misses you.
You slash the black bear!
You kill the black bear!
Sif Muna accepts your kill.
Your Conjurations skill increases to level 11!
Your Invocations skill increases to level 5!
The gnoll barely misses you.
Things that are here:
a +0 club; a curare-tipped dart; a black bear corpse You slash the gnoll!
You kill the gnoll!
Sif Muna accepts your kill.
You are no longer berserk.
You are exhausted.
You feel yourself slow down.
The centaur wields a +0 shortbow.
The centaur shoots an arrow.
The arrow hits you!
* * * LOW HITPOINT WARNING * * *
The centaur unwields a +0 shortbow.
The centaur barely misses you. The centaur misses you.
The gnoll sergeant hits you from afar with a +0 trident.
* * * LOW HITPOINT WARNING * * *
The centaur hits you.
* * * LOW HITPOINT WARNING * * *
The centaur misses you.
Things that are here:
a +0 club; a gnoll corpse You hit the centaur.
The centaur is lightly wounded.
The centaur hits you.
* * * LOW HITPOINT WARNING * * *
The centaur kicks you.
You die...

#...........'.....
#'#####'#####.....
#.#...#)#.[##.....
#.#...#.#).#####'#
#.#...'.#))##.....
#.##'####))##.....
#)#.)...#..##.....
#)#...†.#'###...<.
#@#........##.....
#c#........##.....
#g###########.....
#).....{# ######
#...#...# #...# .#
#.##. #.. #. #.g
..


You could see a gnoll sergeant and a centaur.

Vanquished Creatures
  A fire bat (D)
  2 floating eyes (D)
  2 sky beasts (D)
  A black bear (D)
  A kobold brigand (D)
  5 gnolls (D)
  An adder skeleton (D)
  An orc (D)
  An endoplasm (D)
  A quokka (D)
  A frilled lizard (D)
17 creatures vanquished.

Notes
Turn   | Place    | Note
-------+----------+-------------------------------------------
     0 | D        | rocky1 the Tengu Air Elementalist began the quest for the
                  | Orb.
     0 | D        | Reached XP level 1. HP: 10/10 MP: 4/4
    19 | D        | Found a bloodstained altar of Trog.
    19 | D        | Found a shimmering blue altar of Sif Muna.
    19 | D        | Found a viscous altar of Jiyva.
    19 | D        | Found a hazy altar of Hepliaklqana.
    19 | D        | Found an opulent altar of Gozag.
    20 | D        | Found a glowing golden altar of the Shining One.
    20 | D        | Found a glowing silver altar of Zin.
    20 | D        | Found a basalt altar of Yredelemnul.
    20 | D        | Found a shimmering altar of Xom.
    20 | D        | Found an ornate altar of the Wu Jian Council.
    20 | D        | Found a sacrificial altar of Ru.
    20 | D        | Found a stormy altar of Qazlal.
    20 | D        | Found an iron altar of Okawaru.
    20 | D        | Found a sparkling altar of Nemelex Xobeh.
    20 | D        | Found a burning altar of Makhleb.
    20 | D        | Found a blossoming altar of Fedhas.
    20 | D        | Found a white marble altar of Elyvilon.
    20 | D        | Found a shadowy altar of Dithmenos.
    20 | D        | Found a snail-covered altar of Cheibriados.
    23 | D        | Found a corrupted altar of Lugonu.
    23 | D        | Found a radiant altar of Vehumet.
    24 | D        | Found an ancient bone altar of Kikubaaqudgha.
    24 | D        | Found a hide-covered altar of Uskayaw.
    24 | D        | Found a broken altar of Ashenzari.
    25 | D        | Became a worshipper of Sif Muna the Loreminder
    63 | D        | Reached skill level 5 in Air Magic
    83 | D        | Noticed a floating eye
    85 | D        | Paralysed by a floating eye for 3 turns
    89 | D        | Killed a floating eye
    89 | D        | Reached * piety under Sif Muna
    90 | D        | Reached skill level 5 in Conjurations
    90 | D        | Reached XP level 2. HP: 17/17 MP: 4/7
    90 | D        | Reached XP level 3. HP: 21/21 MP: 4/8
    90 | D        | Reached XP level 4. HP: 26/26 MP: 5/10
   127 | D        | Noticed a floating eye
   133 | D        | Paralysed by a floating eye for 3 turns
   138 | D        | Killed a floating eye
   138 | D        | Reached ** piety under Sif Muna
   139 | D        | Gained mutation: Your magical nature lets you fly swiftly
                  | and evasively. [Tengu growth]
   139 | D        | Reached XP level 5. HP: 6/32 MP: 5/12
   237 | D        | Noticed a sky beast
   248 | D        | Killed a sky beast
   249 | D        | Reached XP level 6. HP: 32/38 MP: 12/14
   555 | D        | Noticed a black bear
   556 | D        | Noticed a sky beast
   556 | D        | Noticed a fire bat
   565 | D        | Killed a fire bat
   566 | D        | Reached skill level 5 in Spellcasting
   566 | D        | Reached skill level 10 in Air Magic
   566 | D        | Reached XP level 7. HP: 41/44 MP: 10/15
   566 | D        | Reached *** piety under Sif Muna
   574 | D        | Reached skill level 5 in Fighting
   574 | D        | Reached skill level 10 in Conjurations
   575 | D        | Reached **** piety under Sif Muna
   578 | D        | Reached skill level 5 in Invocations
   581 | D        | HP: 2/44 [centaur (2)]
   581 | D        | Slain by a centaur

Illustrated notes

Levels and vault maps discovered:
D:        pitsprint [storerooms_1, entrance_room_1, metal_vault_5, armoury_3,
          mini_pit_1, grid_room_1, main_hall_1, silver_pit, the_coven_2,
          the_vestibule_1, steel_vault_2, golden_pit, hallway_of_sentries,
          crystal_vault_5, iron_vault_3, final_vault]

Skill      XL: |  1  2  3  4  5  6  7 |
---------------+----------------------+-----
Conjurations   | 5 7 8 9 11 | 11.1
Air Magic      | 7 8 9 10 11 | 11.8
Fighting       | 2 3 4 5 |  5.6
Long Blades    | 2 |  2.5
Armour         | 2 |  2.5
Dodging        | 3 |  3.5
Spellcasting   | 3 4 5 |  5.9
Invocations    | 2 3 4 5 |  5.1
Stealth        | |  2.0

Action                     |  1- 3 |  4- 6 |  7- 9 || total
---------------------------+-------+-------+-------++-------
  Melee: Falchion          |     4 |     8 |       ||    12
         Peck              |     2 |     2 |     1 ||     5
         Kick              |     1 |     2 |     4 ||     7
         Long sword        |       |       |     8 ||     8
   Cast: Shock             |     5 |    15 |     4 ||    24
    Use: Scroll            |       |     1 |       ||     1
         Potion            |       |     2 |     1 ||     3
 Armour: Robe              |     1 |       |       ||     1
  Dodge: Dodged            |       |     6 |    10 ||    16

Table legend: (Time is in decaauts)
 A = Elapsed time spent in this place.
 B = Non-inter-level travel time spent in this place.
 C = Inter-level travel time spent in this place.
 D = Time resting spent in this place.
 E = Time spent auto-exploring this place.
 F = Levels seen in this place.
 G = Mean time per level.
                   A        B        C        D        E       F      G
               +--------+--------+--------+--------+--------+-----+--------+
         Total |    581 |    563 |     18 |    396 |      0 |   1 |  581.0 |
       Dungeon |    581 |    563 |     18 |    396 |      0 |   1 |  581.0 |
               +--------+--------+--------+--------+--------+-----+--------+

Top non-repeatable levels by time:
       D: 581 daAuts
